Cogmind - Beta 16.1 @@@ ROGUE MODE // 2026.03.12 @ 17:54:07 Player: IDRpheonix Result: Destroyed by 67-C0B(z) with Makeshift Axe Performance ------------- Evolutions (1) 500 Regions Visited (4) 800 Robots Destroyed (29) 145 Value Destroyed (628) 628 Prototype IDs (4) 80 Alien Tech Used (0) 0 Bonus (520) 520 TOTAL SCORE: 2673 Bonus ------- Met Imprinter 300 Was Imprinted 300 Friendly Fire -80 Cogmind --------- Core Integrity 0/400 Matter 181/300 Energy 100/100 System Corruption 3% Temperature Cool (0) Movement Core (50) Location -7/Zion Parts ------- > --- POWER (1) -------- (None) > --- PROPULSION (3) --- (None) > --- UTILITY (3) ------ Small Storage Unit Weight Redist. System Visual Processing Unit > --- WEAPON (2) ------- CR-A16's Pointy Stick > --- INVENTORY (8) ---- Light Ion Engine Heat Sink Shield Generator Enhanced Flamer Phasing Sabre Self-destruct Interrupter (50) Peak State ------------ > --- POWER ------------ Improved Ion Engine > --- PROPULSION ------- VTOL Module VTOL Module VTOL Module > --- UTILITY ---------- Small Storage Unit Weight Redist. System Visual Processing Unit > --- WEAPON ----------- Plasma Cannon Phasing Sabre > --- INVENTORY -------- Light Ion Engine VTOL Module VTOL Module Heat Sink Shield Generator Enhanced Flamer CR-A16's Pointy Stick Self-destruct Interrupter [Rating: 25] Favorites ----------- Power Light Ion Engine Engine Light Ion Engine Propulsion VTOL Module Treads Light Treads Leg Aluminum Leg Flight Unit VTOL Module Utility Weight Redist. System Device Weight Redist. System Storage Small Storage Unit Processor Visual Processing Unit Hackware Hacking Suite Protection Medium Armor Plating Weapon Improved Assault Rifle Energy Gun Beam Rifle Energy Cannon Plasma Cannon Ballistic Gun Improved Assault Rifle Launcher Improved Grenade Launcher Special Weapon Enhanced Flamer Slashing Weapon Phasing Sabre Piercing Weapon CR-A16's Pointy Stick Build | -11 -10 -9 -9 -7 ------- Run | Yrd Mat Mat Min Zio Slots Evolved 2 | . . 2 . . Power . | . . . . . Propulsion 1 | . . 1 . . Utility 1 | . . 1 . . Weapon . | . . . . . Parts Attached 45 | 7 6 22 3 7 Power 6 | 1 . 4 . 1 Engine 6 | 1 . 4 . 1 Core . | . . . . . Reactor . | . . . . . Propulsion 15 | 2 2 9 2 . Treads 5 | . . 5 . . Leg 2 | 2 . . . . Wheel . | . . . . . Hover . | . . . . . Flight 8 | . 2 4 2 . Utility 10 | 2 2 5 1 . Device 4 | 2 1 1 . . Storage 2 | . . 2 . . Processor 1 | . . . 1 . Hackware 1 | . 1 . . . Protection 2 | . . 2 . . Artifact . | . . . . . Weapon 14 | 2 2 4 . 6 Energy Gun 4 | 1 . 3 . . Energy Cannon 1 | . . . . 1 Ballistic Gun 4 | 1 1 1 . 1 Ballistic Cannon . | . . . . . Launcher 1 | . . . . 1 Special Weapon 1 | . . . . 1 Impact Weapon . | . . . . . Slashing Weapon 2 | . 1 . . 1 Piercing Weapon 1 | . . . . 1 Special Melee Weapon . | . . . . . Unidentified Prototypes 1 | . 1 . . . Parts Lost 11 | . . 5 . 6 Power 3 | . . 2 . 1 Propulsion 6 | . . 1 . 5 Utility 2 | . . 2 . . Weapon . | . . . . . Highest Loss Streak 6 | . . 4 . 6 To Critical Strikes . | . . . . . Average Backups 5 | . 3 6 7 7 Power . | . 1 . 1 . Propulsion 1 | . 1 2 2 1 Utility 2 | . 1 2 2 2 Weapon 1 | . . 1 1 1 Tool/Special . | . . . . . Unused Backups 17 | . 2 5 . 10 Power 3 | . 1 1 . 1 Propulsion 1 | . 1 . . . Utility 2 | . . . . 2 Weapon 10 | . . 3 . 7 Tool/Special 1 | . . 1 . . Average Slot Usage (%) 98 | . 99 94 100 99 Engine 11 | . 14 10 11 11 Treads 5 | . . 18 6 . Leg 1 | . 14 . . . Flight 24 | . 13 12 26 32 Device 12 | . 14 16 13 11 Storage 9 | . . 10 11 11 Processor 6 | . . . 8 11 Hackware 1 | . 13 1 . . Energy Gun 5 | . 13 11 11 1 Ballistic Gun 10 | . 11 10 11 9 Slashing Weapon 1 | . 2 . . 1 Piercing Weapon 5 | . . . . 8 Peak Build Rating 25 | 9 12 18 19 25 Average Rating 15 | 7 9 14 18 20 On Entrance 11 | . 9 12 15 19 Avg Prop Armor Cover (%) . | . . . . . Naked Turns . | . . . . . Heaviest Build 34 | 8 8 34 19 21 Greatest Support 66 | 20 20 66 66 18 Greatest Overweight (x) 1 | . . 1 . 1 Average Overweight (x) . | . . . . . Largest Inventory Capacity 15 | 5 5 15 15 8 Average Capacity 7 | 5 5 9 8 8 Most Carried 10 | 1 5 10 9 8 Average Carried 6 | . 3 6 6 7 Final Capacity 15 | 5 5 15 8 8 Final Carried 10 | 1 5 10 8 6 Class Distribution -------------------- 52% | Sprinter 27% | Mutant 20% | Scavenger-Mutant Dominant Class ---------------- Mutant | -10/Materials Scavenger-Mutant | -9/Materials Sprinter | -9/Mines Sprinter | -7/Zion Resources | -11 -10 -9 -9 -7 ----------- Run | Yrd Mat Mat Min Zio Matter Collected 1028 | 276 52 471 109 120 Remotely . | . . . . . Salvage Created 915 | 60 88 767 . . Parts 60 | 5 10 45 . . Haulers Intercepted 2 | . . 2 . . Recyclers Shooed . | . . . . . Parts Field Recycled . | . . . . . Retrieved Matter . | . . . . . Parts Self-Destructed . | . . . . . Prevented . | . . . . . Parts Restored . | . . . . . Kills | -11 -10 -9 -9 -7 ------- Run | Yrd Mat Mat Min Zio Combat Hostiles Destroyed 18 | 1 3 14 . . Guns 18 | 1 3 14 . . Classes Destroyed 9 | 2 3 4 . . Builder 1 | . . 1 . . Tunneler 1 | 1 . . . . Hauler 2 | . . 2 . . Recycler 1 | . . 1 . . Operator 2 | . 1 1 . . Watcher 4 | . 2 2 . . Swarmer 7 | . 3 4 . . Grunt 5 | 1 . 4 . . Sentry 6 | . . 6 . . Best Kill Streak 5 | 1 4 5 . . Combat Bots Only 4 | 1 3 4 . . Max Kills in Single Turn 2 | 1 1 2 . . Gunslinging . | . . . . . Exploded . | . . . . . Melee . | . . . . . Uniques/NPCs Destroyed . | . . . . . Combat | -11 -10 -9 -9 -7 -------- Run | Yrd Mat Mat Min Zio Hostile Shots Fired 212 | 8 25 113 . 66 Missed 75 | 5 8 48 . 14 Hits 137 | 3 17 65 . 52 Melee 4 | . . . . 4 Projectile 133 | 3 17 65 . 48 Critical Strikes 5 | . . 4 . 1 Damage Taken 1695 | 32 134 816 . 713 Core 420 | . 9 64 . 347 Absorbed by Shields . | . . . . . Core Remaining (%) 98 | 100 96 . . . Volleys Fired 107 | 11 14 66 . 16 Largest 2 | 2 2 2 . 1 Hottest 80 | 70 70 79 . 80 Shots Fired 187 | 22 27 122 . 16 Gun 181 | 22 27 122 . 10 Cannon 3 | . . . . 3 Launcher 3 | . . . . 3 Special . | . . . . . Kinetic 100 | 11 14 65 . 10 Thermal 84 | 11 13 57 . 3 Explosive 3 | . . . . 3 Electromagnetic . | . . . . . Robot Hit Streak 10 | 3 7 10 . . Robot Miss Streak 3 | 3 2 3 . . Penetration Max . | . . . . . Secondary Targets 1 | . 1 . . . Max Gunslinging Chain 1 | . 1 . . . Shots Hit Robots 109 | 11 17 81 . . Core Hits 49 | 4 11 29 . 5 Critical Kills 2 | . . 2 . . Critical Parts Destroyed . | . . . . . Critical Strikes 9 | 1 2 6 . . Burn 7 | 1 2 4 . . Destroy 2 | . . 2 . . Melee Attacks 92 | . . . . 92 Impact . | . . . . . Slashing 26 | . . . . 26 Piercing 66 | . . . . 66 Sneak Attacks . | . . . . . Combat Hostiles . | . . . . . Follow-up Attacks . | . . . . . Damage Inflicted 1652 | 125 166 1281 . 80 Guns 1568 | 122 165 1281 . . Cannons . | . . . . . Explosions 80 | . . . . 80 Melee . | . . . . . Ramming 4 | 3 1 . . . Kinetic 913 | 34 90 789 . . Thermal 655 | 88 75 492 . . Explosive 80 | . . . . 80 Electromagnetic . | . . . . . Impact . | . . . . . Slashing . | . . . . . Piercing . | . . . . . Highest Corruption 3 | . . . . 3 Average Corruption 1 | . . . . 1 Corruption Purged . | . . . . . Corruption Blocked . | . . . . . Overload Shots . | . . . . . Overflow Damage . | . . . . . Projectiles . | . . . . . Explosions . | . . . . . Melee . | . . . . . Knockbacks . | . . . . . Impact . | . . . . . Kinetic . | . . . . . Secondary . | . . . . . Self-Inflicted Damage 10 | . . . . 10 Shots 1 | . . . . 1 Rammed . | . . . . . Targets Rammed 2 | 1 1 . . . Kicked 2 | 1 1 . . . Crushed . | . . . . . Highest Temperature 216 | 36 10 216 . 126 Average Temperature 53 | 12 7 70 . 54 Received Heat Transfer 517 | 18 . 279 . 220 Effects 2 | . . 2 . . Energy Bleed 1 | . . 1 . . Interference 1 | . . 1 . . Siege Activations . | . . . . . Martial Activations . | . . . . . Shielding Activations . | . . . . . Robots Disrupted . | . . . . . Combat Hostiles . | . . . . . Robots Corrupted . | . . . . . Combat Hostiles . | . . . . . Parts Fried . | . . . . . Impact Corruptions . | . . . . . Robots Melted . | . . . . . Combat Hostiles . | . . . . . Parts Melted 6 | . 1 5 . . Heat Transferred 2257 | 333 370 1554 . . Parts Sabotaged . | . . . . . Parts Stolen . | . . . . . Parts Stripped . | . . . . . Power Chain Reactions . | . . . . . Alert | -11 -10 -9 -9 -7 ------- Run | Yrd Mat Mat Min Zio Maximum Alert Level . | . . . . . Low Security (%) 100 | 100 100 100 100 . Level 1 . | . . . . . Level 2 . | . . . . . Level 3 . | . . . . . Level 4 . | . . . . . Level 5 . | . . . . . High Security . | . . . . . Max Security . | . . . . . Peak Influence 139 | 20 67 139 40 . Initial 30 | . . 7 30 . Average 40 | . 25 75 22 . Influence Increases 647 | 25 119 473 30 . Destroy 0b10 Robot/C 360 | 20 60 280 . . Destroy 0b10 Robot/NC 55 | 5 15 35 . . Destroy Leader 92 | . 14 78 . . Successful Hack 5 | . . 5 . . Partial Spotted 15 | . . 15 . . Lose Combat Pursuer 120 | . 30 60 30 . Influence Decreases 647 | 25 102 413 87 20 Entered New Map 77 | . . 10 47 20 Time Decay 520 | 25 102 353 40 . Lost Part 50 | . . 50 . . Squads Dispatched 3 | . 2 1 . . Investigation 1 | . 1 . . . Extermination . | . . . . . Reinforcement 2 | . 1 1 . . Assault . | . . . . . Garrison . | . . . . . Intercept . | . . . . . Searches Triggered . | . . . . . Construction Impeded . | . . . . . Haulers Reinforced . | . . . . . Active Scanning Responses . | . . . . . Cargo Convoy Interrupts . | . . . . . Stealth | -11 -10 -9 -9 -7 --------- Run | Yrd Mat Mat Min Zio Distress Signals 4 | . . 4 . . Communications Jammed . | . . . . . Distress Signals . | . . . . . Times Spotted 44 | 1 12 19 2 10 Peak Tracking Total 10 | 1 4 6 2 10 Tactical Retreats 5 | . 1 3 1 . Traps | -11 -10 -9 -9 -7 ------- Run | Yrd Mat Mat Min Zio Traps Triggered . | . . . . . Indirectly . | . . . . . Trap Hack Attempts . | . . . . . Triggered . | . . . . . Disarmed . | . . . . . Reprogrammed . | . . . . . Reused . | . . . . . Traps Extracted . | . . . . . Installed . | . . . . . Triggered . | . . . . . Machines | -11 -10 -9 -9 -7 ---------- Run | Yrd Mat Mat Min Zio Machines Disabled . | . . . . . Max in Single Turn . | . . . . . Machines Repaired . | . . . . . Machines Dismantled . | . . . . . Machines Sabotaged . | . . . . . Overloaded Fab Kills . | . . . . . Hacking | -11 -10 -9 -9 -7 --------- Run | Yrd Mat Mat Min Zio Machines Accessed 5 | . 2 3 . . Terminals 4 | . 2 2 . . Fabricators . | . . . . . Repair Stations . | . . . . . Recycling Units . | . . . . . Scanalyzers 1 | . . 1 . . Garrison Access . | . . . . . Total Hacks 11 | . 4 7 . . Successful 8 | . 2 6 . . Failed 3 | . 2 1 . . Catastrophic 1 | . 1 . . . Database Lockouts . | . . . . . Manual 42 | . . . . 42 Terminals 8 | . 4 4 . . Fabricators . | . . . . . Repair Stations . | . . . . . Recycling Units . | . . . . . Scanalyzers 3 | . . 3 . . Garrison Access . | . . . . . Terminal Hacks 6 | . 2 4 . . Record 1 | . . 1 . . Robot Analysis 1 | . 1 . . . Prototype ID Bank 1 | . . 1 . . Alert Level 2 | . 1 1 . . Hauler Manifests 1 | . . 1 . . Fabricator Hacks . | . . . . . Repair Station Hacks . | . . . . . Recycling Unit Hacks . | . . . . . Scanalyzer 2 | . . 2 . . Insert Component 2 | . . 2 . . Garrison Access Hacks . | . . . . . Unauthorized Hacks . | . . . . . Terminals . | . . . . . Fabricators . | . . . . . Repair Stations . | . . . . . Recycling Units . | . . . . . Scanalyzers . | . . . . . Garrison Access . | . . . . . Data Cores Recovered 2 | . 1 1 . . Used . | . . . . . Hacking Detections 4 | . 2 2 . . Full Trace Events 1 | . 1 . . . Feedback Events . | . . . . . Feedback Blocked . | . . . . . Robot Schematics Acquired . | . . . . . Robots Built . | . . . . . Authchips . | . . . . . Time . | . . . . . Total Robot Build Rating . | . . . . . Part Schematics Acquired . | . . . . . Parts Built . | . . . . . Authchips . | . . . . . Time . | . . . . . Total Part Build Rating . | . . . . . Part Studies Acquired . | . . . . . Parts Repaired . | . . . . . Time . | . . . . . Parts Recycled . | . . . . . Recycled Matter . | . . . . . Retrieved Matter . | . . . . . Retrieved Components . | . . . . . Parts Scanalyzed . | . . . . . Part Schematics Acquired . | . . . . . Parts Damaged . | . . . . . Bothacking | -11 -10 -9 -9 -7 ------------ Run | Yrd Mat Mat Min Zio Used RIF Installer . | . . . . . Robots Hacked . | . . . . . Non-combat . | . . . . . Combat . | . . . . . Robot Hacks Applied . | . . . . . Relay Couplers Released . | . . . . . Fabnet Peak Effective % . | . . . . . Robots Rewired . | . . . . . Allies Hacked . | . . . . . Hacks Repelled . | . . . . . Allies | -11 -10 -9 -9 -7 -------- Run | Yrd Mat Mat Min Zio Total Allies 7 | . . . . 7 Largest Group 7 | . . . . 7 Highest-Rated Group 249 | . . . . 249 Highest-Rated Ally 51 | . . . . 51 Total Orders . | . . . . . Ally Attacks . | . . . . . Total Damage . | . . . . . Kills . | . . . . . Allies Corrupted . | . . . . . Allies Melted . | . . . . . Intel | -11 -10 -9 -9 -7 ------- Run | Yrd Mat Mat Min Zio Active Infowar (turns) 2044 | 259 17 . 81 1687 Optics 1768 | . . . 81 1687 Terrain 276 | 259 17 . . . Robot Analysis Total 1 | . 1 . . . Derelict Logs Recovered 2 | . . . . 2 Drone Launches . | . . . . . Drone Recoveries . | . . . . . Exploration | -11 -10 -9 -9 -7 ------------- Run | Yrd Mat Mat Min Zio Turns Passed 3464 | 550 318 813 96 1687 Spaces Moved 5384 | 208 449 616 260 3851 Core 15 | 15 . . . . Treads 216 | . . 214 2 . Legs 285 | 193 92 . . . Wheels . | . . . . . Hover . | . . . . . Flight 4868 | . 357 402 258 3851 Fastest Speed 29 | 50 37 29 29 29 Average Speed 41 | 114 54 80 30 30 Slowest Speed 160 | 120 120 160 160 115 Overloaded Moves . | . . . . . Propulsion Burnouts . | . . . . . Robots Hopped 11 | . 1 7 2 1 Potential Cave-ins . | . . . . . Cave-ins Triggered . | . . . . . Exploration Rate (%) 53 | 16 52 42 66 93 Regions Visited 4 Branch Regions 2 Pre-discovered Areas 2 | . . . . 2 Known Exits Taken . | . . . . . Unknown Exits Taken 4 | 1 1 1 1 . Scrap Searched 4 | . . . 1 3 Spaces Dug . | . . . . . Terrain Destroyed 5 | . . . . 5 Melee . | . . . . . Projectile . | . . . . . AOE 5 | . . . . 5 Terrain Rammed . | . . . . . Walls Destroyed . | . . . . . Machines Disabled . | . . . . . Actions | -11 -10 -9 -9 -7 --------- Run | Yrd Mat Mat Min Zio Total 6281 | 495 499 808 275 4204 Wait 504 | 268 8 51 . 177 Move 5358 | 207 446 601 255 3849 Hop 11 | . 1 7 2 1 Pick Up 73 | 1 11 30 5 26 Fast Attach 12 | 7 2 2 . 1 Attach 14 | . 1 10 . 3 Detach 3 | . 1 2 . . Swap 46 | . 5 19 6 16 Drop 64 | . 9 20 7 28 Fire 107 | 11 14 66 . 16 Melee 87 | . . . . 87 Ram . | . . . . . Kick 2 | 1 1 . . . Crush . | . . . . . Escape Stasis . | . . . . . Rewire . | . . . . . Trap . | . . . . . Miscellaneous . | . . . . . Route ------- -11/Scrapyard -10/Materials -9/Materials -9/Mines (discovered 2 exits: [*Mat] / *Zio) -7/Zion (discovered 1 exit: [*Pro]) History --------- Turn | Location | Event 2 | -11/Scrapyard | Met Revision 17 59 | -11/Scrapyard | Discovered new exit (range 8) 551 | -11/Scrapyard | Entered Materials 552 | -10/Materials | Build established: Mutant 853 | -10/Materials | Discovered new exit (range 11) 869 | -10/Materials | Entered another Materials area 869 | -9/Materials | Evolved 2 slots: Propulsion x1, Utility x1 1034 | -9/Materials | Lost 4 parts (1p1n2u) 1506 | -9/Materials | Discovered new exit (range 10) 1682 | -9/Materials | Entered Mines 1738 | -9/Mines | Discovered new exit (range 11) 1758 | -9/Mines | A weapon hastily lodged in a ceiling crevice suddenly fell to the ground 1776 | -9/Mines | A Derelict revealed a hidden shortcut to a safe place 1778 | -9/Mines | Entered Zion 1991 | -7/Zion | Build established: Sprinter 2002 | -7/Zion | Met Imprinter 2010 | -7/Zion | Imprinted 2012 | -7/Zion | Declared Zion's savior 2037 | -7/Zion | Found CR-A16's Pointy Stick 2067 | -7/Zion | Learned 4 Factory zone layouts 2072 | -7/Zion | Learned location of Warlord (-5) 2182 | -7/Zion | Gained Derelict followers 2739 | -7/Zion | Discovered new exit (range 18) 3450 | -7/Zion | Attacked by Zionites 3460 | -7/Zion | Core integrity fell below 50% 3464 | -7/Zion | Core integrity fell below 20% 3465 | -7/Zion | Destroyed by 67-C0B(z) with Makeshift Axe Last Messages --------------- 03310_ Dropped KE Penetrator. 03310_ Acquired Imp. Assault Rifle. 03326_ Dropped Imp. Assault Rifle. 03327_ Acquired Plasma Cannon. 03348_ Dropped Plasma Cannon. 03374_ Acquired 2 matter. 03387_ Acquired Imp. Grenade Launcher. 03450_ PUBLIC SERVICE ANNOUNCEMENT: Zion is under attack! Defend our home! 03450_ Critical hit (Burn: +80). 03450_ 67-C0B(z) pulls a Mak. Axe out of the Twisted Machinery. 03450_ M6-91T(z) pulls a Mak. Hammer out of the Twisted Machinery. 03450_ VTOL Module destroyed. 03454_ Dropped Imp. Grenade Launcher. 03455_ VTOL Module destroyed. 03461_ GF-FSB(s) destroyed. 03461_ Imp. Ion Engine destroyed. 03463_ QM-3OT(z) fiddles with the Twisted Machinery. Map ----- +----------------------------------------------------+ | ?????????????????????????????????????????????????? | | ?????????????????????????????????????????????????? | | ?????????????????????????????????????????????????? | | ?????????????????????????????????????????????????? | | ?????????????????????????????????????????????????? | | ?????????????????????????????????????????????????? | | ?????????????????????????????????????????????????? | | ?????????????????????????????????????????????????? | | ?????????????????????????????????????????????????? | | ?????????????????????????????????????????????????? | | ?????????????????????????????????????????????????? | | ???????????????????????????????#######????#####??? | | ?????????????????????????????###"""""???### [ #??# | | ?????????????????????????????#""#""""???#[ * #### | | ?????????????????????????###??#"""""##### ##"" | | ????????????????????????##""###"" """"### ####" | | ????????????????????????#""""""" """""" #?#"" | | ????????????????##???####""" """"" ####" | | ?????????????????"###""#""" " ##"" | | ??????????????????"""""#"" "" # "" | | ??????????????????#""""##" """" | | ??????????????????" X""#"""""""" "" | | ??????????????????# ""##"""""" "" | | ?????????????????## "" """"""" """ | | ?????????????????" M%* MM """"" """ | | ?????????????????" i]= @p MM ""z"" """" | | ?????????????????# """"z""""" """" | | ????????????????# """z""#""" """ | | ????????????????# " """#"##""" """ "" | | ????????????????## # #########" """"" | | ?????????????????####?##????#"" """ "" | | ????????????????????###"#####"" "" """ | | ??????????????????###" """"""" """ | | ??????????????????#"& """""" """" | | ???????????????????# "" """" """#"" | | ???????????????????#" """""" | | ???????????????????#"" "" """"" | | ???????????????????##### """ """"" """" | | ??????????????????????# ##"" """" | | ??????????????????????## ###"" """ ""#" | | ???????????????????????######?#"" """ ""#"" | | ???????????????????????#########" """ """"" | | ?????????????????????###""""""""" "" | | ??????????????????????""""""""""" "" | | ???????????????????????#"" "" """ "" | | ??????????????????????##" "" """ /! "" | | ??????????????????#####"" "" "" ""# | | ??????????????????#] # """ [ !""""## | | ?????????????????## " "" """##? | | ?????????????????#] " """" """#?? | +----------------------------------------------------+ Best States ------------- Heat Dissipation 38 Energy Generation 12 Energy Capacity 265 Matter Stores 300 Matter Capacity 300 Sight Range 18 Terrain Scan Range 16 Terrain Scan Density 10 Additional Mass Support 6 Armor Coverage 225 Evasion (%) 64 Recoil Reduction 3 Offensive Hacking 10 Item Schematics ----------------- None Robot Schematics ------------------ None Fabricated ------------ Nothing Repaired ---------- Nothing Studied --------- None Alien Tech Used ----------------- None Achievements -------------- Ghost 'Em Robot Respite Safety First Shopping List The More The Merrier The One Challenges ------------ None Game ------ Seed VoltaicSkeletonBallwheel Manual? 0 Play Time 01:56:44 Cumulative 6.7 hours Start 2026.03.12 @ 14:37:58 End 2026.03.12 @ 17:54:07 Sessions 1 Manual Loads 0 Difficulty Rogue Special Mode None Game No. 3 Rogue 3 Adventurer 0 Explorer 0 Win Type - Total 0 Types 0/0/0/0/0/0/0/0/0/0 Lore% 2 Gallery% 8 Achievement% 8 Wizard Run 0 Options --------- Layout 1 ASCII 1 Keyboard 1 Movement Numpad Keybinds 0 Fullscreen 1 Font 20/CogTall Map View 54x42 Zoom Use 0% Tactical HUD 1 Map Filters NONE Filters NONE Steam 1 RUN: 12a01213-063f-47df-b0c5-ef89cbeab41b